 Dungeon Crawl Stone Soup version 0.23.0-42-geed6394480 (webtiles) character file.

Game seed: 0

117376 Fliddo the Spear-Bearer (level 16, -2/88 HPs)
             Began as a Vine Stalker Fighter on Feb 28, 2019.
             Was the Champion of Okawaru.
             Slain by a redback (4 damage)
             ... on level 1 of the Spider Nest.
             The game lasted 02:31:32 (23240 turns).

Fliddo the Spear-Bearer (Vine Stalker Fighter)     Turns: 23240, Time: 02:31:33

Health: -2/88      AC: 46    Str: 26    XL:     16   Next: 73%
Magic:  0/22       EV: 14    Int: 13    God:    Okawaru [******]
Gold:   706        SH:  2    Dex: 17    Spells: 15/15 levels left

rFire    + . .     SeeInvis +   a - +6 glaive of the Eternal Warrior {chop, +Blink rPois MR++ Str+3}
rCold    . . .     Gourm    .   (shield currently unavailable)
rNeg     . . .     Faith    .   M - +15 plate armour of Daffodils {Slay+5}
rPois    +         Spirit   +   I - +2 helmet {SInv}
rElec    .         Reflect  +   q - +2 cloak
rCorr    .         Harm     .   u - +1 pair of gloves of the First Snow {rF+ Int+3 Slay+3}
MR       ++++.                  p - +2 pair of boots
Stlth    ..........             z - +2 amulet of reflection
HPRegen  1.04/turn              P - +3 ring of evasion
MPRegen  0.18/turn              O - +2 ring of slaying

@: lethally poisoned (-2 -> -15), about to teleport
A: fangs 3, iridescent scales 1, thin metallic scales 1, clever 1, regeneration
2, magic shield, antimagic bite, no potion heal 3, rot immunity
a: Heroism, Finesse, Renounce Religion, Evoke Blink


You were on level 1 of the Spider Nest.
You worshipped Okawaru.
Okawaru was exalted by your worship.
You were very hungry.

You visited 4 branches of the dungeon, and saw 26 of its levels.

You collected 1566 gold pieces.
You spent 860 gold pieces at shops.

Inventory:

Hand Weapons
 a - the +6 glaive of the Eternal Warrior (weapon) {chop, +Blink rPois MR++ Str+3}
   (Okawaru gifted it to you on level 10 of the Dungeon)

   It inflicts extra damage upon your enemies.
   It affects your strength (+3).
   It protects you from poison.
   It affects your resistance to hostile enchantments.
   It lets you blink.
 b - the +0 shortbow of the Scavenger {flame, +Inv rF+ MR+++ Dex-2}
   (Okawaru gifted it to you on level 6 of the Lair of Beasts)

   It causes projectiles fired from it to burn those they strike, causing extra
   injury to most foes and up to half again as much damage against particularly
   susceptible opponents.
   It affects your dexterity (-2).
   It protects you from fire.
   It affects your resistance to hostile enchantments.
   It lets you turn invisible.
 c - a +2 quick blade
 d - the +8 halberd of Suicidal Tendencies {venom, *Noise +Inv +Fly rN+++}
   (You found it on level 15 of the Dungeon)

   It poisons the flesh of those it strikes.
   It renders you almost immune to negative energy.
   It lets you turn invisible.
   It lets you fly.
   It may make noises in combat.
Missiles
 K - 518 arrows
Armour
 p - a +2 pair of boots (worn)
 q - a +2 cloak (worn)
 u - the +1 pair of gloves of the First Snow (worn) {rF+ Int+3 Slay+3}
   (Okawaru gifted it to you on level 2 of the Lair of Beasts)

   It affects your intelligence (+3).
   It affects your accuracy and damage with ranged weapons and melee attacks
   (+3).
   It protects you from fire.
 I - a +2 helmet of see invisible (worn)
 M - the +15 plate armour of Daffodils (worn) {Slay+5}
   (You bought it in a shop on level 9 of the Dungeon)

   It affects your accuracy and damage with ranged weapons and melee attacks
   (+5).
Jewellery
 k - an uncursed ring of magical power
 z - a +2 amulet of reflection (around neck)
 O - a +2 ring of slaying (right hand)
 P - a +3 ring of evasion (left hand)
Wands
 g - a wand of polymorph (16)
 h - a wand of acid (24)
 i - a wand of clouds (2)
 v - a wand of random effects (21)
 y - a wand of iceblast (13)
 A - a wand of enslavement (14)
 H - a wand of paralysis (7)
 L - a wand of digging (9)
 R - a wand of disintegration (14)
Scrolls
 j - 3 scrolls of magic mapping
 m - 8 scrolls of remove curse
 o - 5 scrolls of amnesia
 s - 12 scrolls of teleportation
 w - 5 scrolls of enchant armour
 x - 2 scrolls of fear
 D - a scroll of identify
Potions
 e - 10 potions of curing
 l - 5 potions of brilliance
 n - 12 potions of flight
 r - 2 potions of resistance
 t - a potion of invisibility
 B - a potion of might
 E - 3 potions of ambrosia
 G - a potion of magic
 J - 2 potions of haste
 N - a potion of cancellation
Miscellaneous
 F - a lightning rod (4/4)
Comestibles
 f - 38 rations


   Skills:
 + Level 11.4 Fighting
 - Level 11.0 Short Blades
   Level 0.7(7.0) Long Blades
 + Level 13.4 Polearms
 - Level 10.0 Bows
 - Level 10.0 Armour
 - Level 6.0 Dodging
   Level 2.6 Shields
 - Level 7.2 Invocations
 + Level 6.4 Evocations


You had 15 spell levels left.
You didn't know any spells.
Your spell library contained the following spells:

 Spells                   Type           Power        Failure   Level  Hunger
 Flame Tongue             Conj/Fire      #....        96%         1    ##.....
 Magic Dart               Conj           #...         96%         1    ##.....
 Sting                    Conj/Pois      #...         96%         1    ##.....
 Blink                    Tloc           N/A          99%         2    ###....
 Call Imp                 Summ           #.......     99%         2    ###....
 Poisonous Vapours        Pois/Air       #.....       99%         2    ###....
 Slow                     Hex            #.......     99%         2    ###....
 Throw Flame              Conj/Fire      #.....       99%         2    ###....
 Conjure Flame            Conj/Fire      #.......     100%        3    ####...
 Inner Flame              Hex/Fire       #.......     100%        3    ####...
 Mephitic Cloud           Conj/Pois/Air  #.......     100%        3    ####...
 Recall                   Summ/Tloc      N/A          100%        3    ####...
 Static Discharge         Conj/Air       #.......     100%        3    ####...
 Animate Dead             Necr           N/A          100%        4    #####..
 Cause Fear               Hex            #.........   100%        4    #####..
 Ice Form                 Ice/Tmut       #.......     100%        4    #####..
 Leda's Liquefaction      Hex/Erth       #.........   100%        4    #####..
 Olgreb's Toxic Radiance  Pois           #.......     100%        4    #####..
 Sticky Flame             Conj/Fire      #.......     100%        4    #####..
 Bolt of Magma            Conj/Fire/Erth #.........   100%        5    ######.
 Borgnjor's Vile Clutch   Necr/Erth      #.........   100%        5    ######.
 Fireball                 Conj/Fire      #.........   100%        5    ######.
 Lightning Bolt           Conj/Air       #.........   100%        5    ######.
 Metabolic Englaciation   Hex/Ice        #.........   100%        5    ######.
 Silence                  Hex/Air        #.........   100%        5    ######.
 Venom Bolt               Conj/Pois      #.........   100%        5    ######.
 Yara's Violent Unravell  Hex/Tmut       #.........   100%        5    ######.
 Bolt of Cold             Conj/Ice       #.........   100%        6    #######
 Death Channel            Necr           #.........   100%        6    #######
 Deflect Missiles         Chrm/Air       #.........   100%        6    #######
 Freezing Cloud           Conj/Ice/Air   #.........   100%        6    #######
 Iron Shot                Conj/Erth      #.........   100%        6    #######
 Ozocubu's Refrigeration  Ice            #.........   100%        6    #######
 Simulacrum               Ice/Necr       #.........   100%        6    #######
 Statue Form              Tmut/Erth      #........    100%        6    #######
 Discord                  Hex            #.........   100%        8    #######
 Ignition                 Fire           #.........   100%        8    #######
 Shatter                  Erth           #.........   100%        9    #######
 Tornado                  Air            #.........   100%        9    #######


Dungeon Overview and Level Annotations

Branches:
Dungeon (15/15)            Temple (0/1) D:7            Lair (6/6) D:8
 Shoals (4/4) Lair:2       Spider (1/4) Lair:3        Slime (0/5) Lair:5
    Orc (0/2) D:9          Vaults (0/5) D:13         Depths (0/5) D:15

Altars:
Ashenzari
Kikubaaqudgha
Okawaru
Qazlal
Uskayaw
Xom
Yredelemnul
The Shining One
Jiyva

Shops:
D:8 !   D:9 [%   Shoals:2 !   Shoals:3 !?}(

Annotations:
Lair:3 2 runed translucent doors, Ruicvywi's ghost, journeyman OgTm
Shoals:3 2 runed translucent doors, Aboafail's ghost, adept TeAE


Innate Abilities, Weirdness & Mutations

You have razor-sharp teeth.
You heal very quickly.
When hurt, damage is shared between your health and your magic reserves.
Your bite disrupts and absorbs the magic of your enemies.
Potions cannot restore your health.
You are immune to rotting.
You are partially covered in iridescent scales. (AC +2)
You are partially covered in thin metallic scales. (AC +2)
Your mind is acute. (Int +2)


Message History

Okay, then.
Evoke which item? (* to show all) (? for menu, Esc to quit)
Okay, then.
As you read the scroll of teleportation, it crumbles to dust.
You feel strangely unstable.
* * * LOW HITPOINT WARNING * * *
You feel very sick.
The tarantella bites you but does no damage.
The redback misses you. The tarantella bites you.
* * * LOW HITPOINT WARNING * * *
The redback barely misses you.
The demonic crawler barely misses you. x2
The demonic crawler hits you but does no damage.
The demonic crawler hits you.
* * * LOW HITPOINT WARNING * * *
The demonic crawler closely misses you. You block the demonic crawler's attack.
The hornet stings you but does no damage.
The redback barely misses you.
The moth of wrath bites you but does no damage.
The redback closely misses you. The redback bites you.
You die...

.###.## ##
.#..... ###.#
.#=.... #....#
.......
......###.....$.
##[.............
#.....yys..%....
......s@ss......
..#...ssss......
#....ss.......
#.........!!..
#..............
##.............
#......>......
####..........


You could see 2 demonic crawlers, a wolf spider, a moth of wrath, a hornet, 2
tarantellas and 5 redbacks.

Vanquished Creatures
  Polyphemus (Shoals:3)
  A kraken (Shoals:1)
  2 frost giants
  2 very ugly things (D:14)
  The ghost of P0WERM0DE the Cleaver, a journeyman DDFi of Makhleb (D:13)
  A yaktaur captain (D:15)
  5 merfolk impalers
  4 hydras
  5 catoblepae
  5 centaur warriors
  3 ogre magi
  4 merfolk aquamancers
  An alligator snapping turtle (Shoals:1)
  6 two-headed ogres
  15 death yaks
  A skeletal warrior (D:13)
  An unseen horror (shapeshifter) (D:15)
  3 unseen horrors
  5 sea snakes
  An orc knight (D:13)
  A flayed ghost (D:13)
  2 necromancers (D:13)
  Pikel (D:7)
  A harpy (Shoals:4)
  A phantasmal warrior (D:13)
  An obsidian statue (Shoals:1)
  A lindwurm (shapeshifter) (D:14)
  A deep elf mage (D:13)
  A wolf spider (Spider:1)
  6 fauns
  5 cyclopes
  9 manticores
  5 ugly things
  2 elephants (Lair:5)
  Maurice (D:9)
  Joseph (D:10)
  9 merfolk sirens
  7 black mambas
  3 water nymphs
  2 gargoyles
  5 centaur skeletons
  10 spiny frogs
  8 rime drakes
  2 yaktaurs (D:15)
  4 komodo dragons
  2 kobold demonologists (D:13)
  A demonic crawler (Spider:1)
  10 merfolk
  A queen bee (Lair:5)
  3 meliai (Lair:5)
  7 trolls
  5 wind drakes
  A polar bear (Lair:5)
  15 blink frogs
  A spectral meliai (D:13)
  12 slime creatures
  5 snapping turtles
  4 dream sheep (Shoals:3)
  9 hippogriffs
  A shadow (D:11)
  9 water elementals
  A wraith (D:14)
  A vampire (D:11)
  4 wyverns
  4 basilisks
  Grum (D:9)
  43 yaks
  A human (D:9)
  6 hungry ghosts
  10 vampire mosquitoes
  Menkaure (D:7)
  A soldier ant (D:13)
  17 water moccasins
  Duvessa (D:7)
  An acid dragon (D:13)
  5 orc warriors
  6 porcupines
  A phantom (D:4)
  6 ice beasts
  A hornet zombie (D:15)
  A slave (D:7)
  2 black bears
  4 sky beasts
  10 wolves
  A necrophage (D:9)
  3 ogres
  10 centaurs
  12 crocodiles
  3 big kobolds
  A wyvern zombie (D:12)
  26 bullfrogs
  Dowan (D:7)
  2 wyvern skeletons (D:8)
  A hornet simulacrum (D:15)
  8 scorpions
  8 wights
  43 killer bees
  2 electric eels (D:12)
  4 howler monkeys
  A lava snake (D:7)
  3 bullfrog zombies
  11 crimson imps
  4 centaur zombies
  8 jellies
  8 hounds
  5 bullfrog skeletons
  3 orc priests
  Crazy Yiuf (D:2)
  6 iguanas
  14 orc wizards
  Terence (D:3)
  Natasha (thrice) (D:2)
  A hell rat (Lair:5)
  9 worker ants
  A bullfrog simulacrum (D:13)
  A hound skeleton (D:6)
  A howler monkey skeleton (D:9)
  A worker ant zombie (D:6)
  14 adders
  7 gnolls
  4 shadow imps
  6 oozes
  A worm (D:6)
  A leopard gecko (D:3)
  56 orcs
  A giant cockroach (D:7)
  4 goblins
  4 hobgoblins (D:1)
  16 jackals
  12 kobolds
  3 quokkas
  8 bats
  4 frilled lizards
  2 quokka zombies
  5 rats
  A spectral orc (D:8)
  3 plants
  3 tentacles (Shoals:1)
732 creatures vanquished.

Vanquished Creatures (others)
  A slave (D:7)
  2 orcs (D:7)
  7 fungi
  35 plants
  8 tentacles (Shoals:1)
53 creatures vanquished.

Grand Total: 785 creatures vanquished

Notes
Turn   | Place    | Note
-------+----------+-------------------------------------------
     0 | D:1      | Fliddo the Vine Stalker Fighter began the quest for the
                  | Orb.
     0 | D:1      | Reached XP level 1. HP: 11/11 MP: 2/2
    28 | D:1      | Reached skill level 2 in Polearms
    31 | D:1      | Reached XP level 2. HP: 16/16 MP: 3/3
   607 | D:1      | Reached XP level 3. HP: 18/19 MP: 4/4
   643 | D:2      | Reached skill level 1 in Short Blades
   705 | D:2      | Noticed Natasha
   712 | D:2      | Killed Natasha
   712 | D:2      | Gained mutation: Your natural rate of healing is unusually
                  | fast. [Vine Stalker growth]
   712 | D:2      | Reached XP level 4. HP: 11/23 MP: 5/5
   779 | D:2      | Found a glowing golden altar of the Shining One.
   820 | D:2      | Found a runed translucent door.
   821 | D:2      | Noticed Crazy Yiuf
   831 | D:2      | Killed Crazy Yiuf
   855 | D:2      | Noticed Natasha
   879 | D:2      | Killed Natasha
   993 | D:2      | Noticed Natasha
  1004 | D:2      | Killed Natasha
  1004 | D:2      | Reached XP level 5. HP: 23/27 MP: 6/6
  1411 | D:3      | Noticed Terence
  1424 | D:3      | Killed Terence
  1618 | D:3      | Found a faded altar of an unknown god.
  1684 | D:3      | Reached XP level 6. HP: 30/32 MP: 7/7
  1854 | D:4      | Noticed a phantom
  1891 | D:4      | Killed a phantom
  1891 | D:4      | Reached skill level 5 in Short Blades
  2200 | D:4      | Reached XP level 7. HP: 26/35 MP: 8/8
  2540 | D:4      | Found a hide-covered altar of Uskayaw.
  2801 | D:5      | Entered Level 5 of the Dungeon
  3079 | D:5      | Gained mutation: You have razor-sharp teeth. [Vine Stalker
                  | growth]
  3079 | D:5      | Reached XP level 8. HP: 23/39 MP: 9/9
  3658 | D:6      | Found a shimmering altar of Xom.
  3871 | D:7      | Found an iron altar of Okawaru.
  3871 | D:7      | Found a shattered altar of Ashenzari.
  3888 | D:7      | Noticed a hippogriff
  3890 | D:7      | Found an ancient bone altar of Kikubaaqudgha.
  3905 | D:7      | Killed a hippogriff
  3922 | D:7      | Became a worshipper of Warmaster Okawaru
  4006 | D:7      | Reached XP level 9. HP: 39/43 MP: 10/10
  4016 | D:7      | Reached skill level 10 in Short Blades
  4125 | D:7      | Found a staircase to the Ecumenical Temple.
  4261 | D:7      | Noticed Pikel
  4285 | D:7      | Killed Pikel
  4500 | D:7      | Noticed Menkaure
  4516 | D:7      | Killed Menkaure
  4574 | D:7      | Noticed Duvessa
  4581 | D:7      | Noticed Dowan
  4594 | D:7      | Killed Duvessa
  4594 | D:7      | Reached * piety under Okawaru
  4601 | D:7      | Killed Dowan
  4906 | D:7      | Reached skill level 5 in Fighting
  5148 | D:8      | Reached XP level 10. HP: 51/53 MP: 11/11
  5176 | D:8      | Reached ** piety under Okawaru
  5214 | D:8      | Found a staircase to the Lair.
  5553 | D:8      | Found Foubia's Distillery.
  5738 | D:8      | Found a stormy altar of Qazlal.
  6038 | D:8      | Found a basalt altar of Yredelemnul.
  6106 | D:9      | Found Livuott's Antique Armour Emporium.
  6115 | D:9      | Reached *** piety under Okawaru
  6189 | D:9      | Found a runed translucent door.
  6190 | D:9      | Noticed Grum
  6220 | D:9      | Killed Grum
  6275 | D:9      | Found a basalt altar of Yredelemnul.
  6594 | D:9      | Noticed Maurice
  6619 | D:9      | Killed Maurice
  6631 | D:9      | Reached **** piety under Okawaru
  6670 | D:9      | Found a staircase to the Orcish Mines.
  6841 | D:9      | Found Emac's Food Emporium.
  6850 | D:9      | Noticed a two-headed ogre
  6871 | D:9      | Killed a two-headed ogre
  6871 | D:9      | Reached skill level 10 in Fighting
  6871 | D:9      | Reached XP level 11. HP: 45/63 MP: 12/12
  7164 | D:10     | Entered Level 10 of the Dungeon
  7318 | D:10     | Killed an unseen horror
  7318 | D:10     | Reached ***** piety under Okawaru
  7353 | D:10     | Noticed Joseph
  7372 | D:10     | Killed Joseph
  7372 | D:10     | Reached skill level 5 in Armour
  7782 | D:10     | Got an ancient falchion
  7783 | D:10     | Identified the +8 falchion of Callousness {slice, +Blink
                  | MR- Int+7} (You found it on level 10 of the Dungeon)
  7851 | D:10     | Received a gift from Okawaru
  7857 | D:10     | Got an ancient glaive {god gift}
  7858 | D:10     | Identified the +6 glaive of the Eternal Warrior {chop,
                  | +Blink rPois MR++ Str+3} (Okawaru gifted it to you on level
                  | 10 of the Dungeon)
  7889 | D:10     | Reached skill level 3 in Polearms
  8060 | D:10     | Noticed a two-headed ogre
  8103 | D:10     | Killed a two-headed ogre
  8103 | D:10     | Reached skill level 4 in Polearms
  8445 | D:11     | Reached skill level 5 in Polearms
  8729 | D:11     | Reached skill level 6 in Polearms
  8884 | D:11     | Noticed a brown ugly thing
  9102 | Lair:1   | Entered Level 1 of the Lair of Beasts
  9486 | Lair:1   | Gained mutation: You heal very quickly. [Vine Stalker
                  | growth]
  9486 | Lair:1   | Reached XP level 12. HP: 55/67 MP: 13/13
  9954 | Lair:2   | Reached skill level 7 in Polearms
 10076 | Lair:2   | Reached ****** piety under Okawaru
 10076 | Lair:2   | Reached skill level 8 in Polearms
 10104 | Lair:2   | Found the +8 whip "Snakebite" {curare, rPois}
 10352 | Lair:2   | Received a gift from Okawaru
 10352 | Lair:2   | Reached skill level 9 in Polearms
 10420 | Lair:2   | Got a pair of shimmering gloves {god gift}
 10426 | Lair:2   | Identified the +1 pair of gloves of the First Snow {rF+
                  | Int+3 Slay+3} (Okawaru gifted it to you on level 2 of the
                  | Lair of Beasts)
 10548 | Lair:2   | Found a staircase to the Shoals.
 10832 | Lair:3   | Reached skill level 10 in Polearms
 10852 | Lair:3   | Found a large runed translucent door.
 10852 | Lair:3   | Found a large runed translucent door.
 10852 | Lair:3   | Noticed Ruicvywi's ghost (journeyman OgTm)
 10998 | Lair:3   | Noticed a four-headed hydra
 11006 | Lair:3   | Killed an eight-headed hydra
 11160 | Lair:3   | Found a hole to the Spider Nest.
 11296 | Lair:3   | Reached skill level 11 in Polearms
 11901 | Lair:4   | Reached XP level 13. HP: 58/72 MP: 14/14
 11923 | Lair:4   | Reached skill level 1 in Invocations
 12018 | Lair:4   | Reached skill level 1 in Bows
 12320 | Lair:4   | Received a gift from Okawaru
 13457 | Lair:5   | Found a viscous altar of Jiyva.
 13457 | Lair:5   | Found a staircase to the Slime Pits.
 13474 | Lair:5   | Received a gift from Okawaru
 13659 | Lair:5   | Reached skill level 12 in Polearms
 13710 | Lair:5   | Reached skill level 5 in Invocations
 14338 | D:11     | Reached XP level 14. HP: 61/77 MP: 19/19
 14499 | D:11     | Reached skill level 5 in Bows
 14904 | D:12     | Received a gift from Okawaru
 14975 | D:12     | Gained mutation: You have a pair of small horns on your
                  | head. [potion of mutation]
 14975 | D:12     | Gained mutation: You are clumsy. (Dex -2) [potion of
                  | mutation]
 14975 | D:12     | Gained mutation: You can translocate small distances at
                  | will. [potion of mutation]
 14976 | D:12     | Lost mutation: You have a pair of small horns on your head.
                  | [potion of mutation]
 14976 | D:12     | Lost mutation: You can translocate small distances at will.
                  | [potion of mutation]
 14976 | D:12     | Lost mutation: You are clumsy. (Dex -2) [potion of
                  | mutation]
 14976 | D:12     | Gained mutation: Your mind is acute. (Int +2) [potion of
                  | mutation]
 14976 | D:12     | Gained mutation: You are partially covered in thin metallic
                  | scales. (AC +2) [potion of mutation]
 14976 | D:12     | Gained mutation: You are partially covered in iridescent
                  | scales. (AC +2) [potion of mutation]
 15027 | D:12     | Received a gift from Okawaru
 15921 | D:13     | Received a gift from Okawaru
 15921 | D:13     | Reached skill level 10 in Armour
 15965 | D:13     | Reached skill level 1 in Evocations
 15971 | D:13     | Reached skill level 1 in Dodging
 16134 | D:9      | Bought a faintly glowing plate armour for 644 gold pieces
 16144 | D:9      | Identified the +15 plate armour of Daffodils {Slay+5} (You
                  | bought it in a shop on level 9 of the Dungeon)
 16151 | D:9      | Bought a pair of embroidered boots for 172 gold pieces
 16728 | D:13     | Noticed P0WERM0DE's ghost (journeyman DDFi)
 16729 | D:13     | Found a transporter.
 16731 | D:13     | Found a transporter.
 16762 | D:13     | Found a gate to the Vaults.
 17594 | D:14     | Reached XP level 15. HP: 65/80 MP: 21/21
 17756 | D:15     | Entered Level 15 of the Dungeon
 17794 | D:15     | Received a gift from Okawaru
 18035 | D:15     | Noticed a frost giant
 18036 | D:15     | Got a transparent halberd
 18051 | D:15     | Killed a frost giant
 18051 | D:15     | Received a gift from Okawaru
 18085 | D:14     | Identified the +8 halberd of Suicidal Tendencies {venom,
                  | *Noise +Inv +Fly rN+++} (You found it on level 15 of the
                  | Dungeon)
 18424 | Lair:6   | Entered Level 6 of the Lair of Beasts
 18678 | Lair:6   | Received a gift from Okawaru
 18762 | Lair:6   | Reached skill level 5 in Evocations
 18805 | Lair:6   | Received a gift from Okawaru
 18822 | Lair:6   | Got a crude shortbow {god gift}
 18823 | Lair:6   | Identified the +0 shortbow of the Scavenger {flame, +Inv
                  | rF+ MR+++ Dex-2} (Okawaru gifted it to you on level 6 of
                  | the Lair of Beasts)
 18841 | Lair:6   | Reached skill level 5 in Dodging
 19572 | Shoals:1 | Entered Level 1 of the Shoals
 19648 | Shoals:1 | Noticed a kraken
 19664 | Shoals:1 | Killed a kraken
 19771 | Shoals:1 | Received a gift from Okawaru
 20492 | Shoals:2 | Reached XP level 16. HP: 79/85 MP: 22/22
 20501 | Shoals:2 | Found Ulonis's Distillery.
 20508 | Shoals:2 | Received a gift from Okawaru
 20522 | Shoals:2 | Bought a potion of might for 44 gold pieces
 20946 | Shoals:3 | Found Jyluqaont's Weapon Boutique.
 21074 | Shoals:3 | Found Woabeq's Gadget Shoppe.
 21099 | Shoals:3 | Noticed Polyphemus
 21345 | Shoals:3 | Killed Polyphemus
 21408 | Shoals:3 | Found a large runed translucent door.
 21408 | Shoals:3 | Found a large runed translucent door.
 21412 | Shoals:3 | Noticed Aboafail's ghost (adept TeAE)
 21455 | Shoals:3 | Received a gift from Okawaru
 21547 | Shoals:3 | Reached skill level 13 in Polearms
 21590 | Shoals:3 | Found Bifi Ruc's Distillery.
 21594 | Shoals:3 | Found Lych's Magic Scroll Boutique.
 21869 | Shoals:4 | Entered Level 4 of the Shoals
 21928 | Shoals:4 | HP: 2/87 [manticore (9)]
 22543 | D:15     | Found an ancient bone altar of Kikubaaqudgha.
 22635 | D:15     | Received a gift from Okawaru
 22793 | D:15     | Found a staircase to the Depths.
 22798 | D:15     | Reached skill level 10 in Bows
 22948 | D:13     | Killed P0WERM0DE's ghost
 23225 | Spider:1 | Entered Level 1 of the Spider Nest
 23240 | Spider:1 | HP: 2/88 [demonic crawler (4)]
 23240 | Spider:1 | Slain by a redback

Skill      XL: |  1  2  3  4  5  6  7  8  9 10 11 12 13 14 15 16 |
---------------+-------------------------------------------------+-----
Polearms       | 2 6 11 12 13 | 13.4
Short Blades   | 2 3 4 5 7 9 11 | 11.0
Fighting       | 6 10 11 | 11.4
Armour         | 3 6 8 10 | 10.0
Invocations    | 5 7 |  7.2
Bows           | 4 7 8 10 | 10.0
Evocations     | 3 6 |  6.4
Dodging        | 2 6 |  6.0
Long Blades    | |  0.7
Shields        | |  2.6

Action                   |  1- 3 |  4- 6 |  7- 9 | 10-12 | 13-15 | 16-18 || total
-------------------------+-------+-------+-------+-------+-------+-------++-------
Melee: Trident           |    30 |       |       |       |       |       ||    30
       Bite              |    12 |    49 |   183 |   351 |   309 |    54 ||   958
       Dagger            |    39 |   154 |   480 |   590 |       |       ||  1263
       Glaive            |       |       |       |   313 |   886 |   211 ||  1410
       Falchion          |       |       |       |    10 |       |       ||    10
       Quick blade       |       |       |       |       |    40 |       ||    40
 Fire: Shortbow          |       |       |     9 |     8 |    81 |    44 ||   142
 Abil: Evoke Blink       |       |       |       |     1 |       |     2 ||     3
       Evoke Flight      |       |       |       |       |       |     1 ||     1
Evoke: Wand              |       |       |       |    10 |     3 |     1 ||    14
  Use: Scroll            |       |     8 |    10 |    11 |     7 |    16 ||    52
       Potion            |       |       |     4 |     5 |     4 |     5 ||    18
 Stab: Paralysed         |       |       |       |     1 |       |       ||     1
       Invisible         |       |       |       |       |       |     1 ||     1
  Eat: Chunk             |       |     4 |    13 |    25 |    27 |     8 ||    77
       Ration            |       |       |       |     2 |     2 |       ||     4
Armor: Scale mail        |    22 |    35 |       |       |       |       ||    57
       Chain mail        |       |     9 |   129 |    74 |       |       ||   212
       Plate armour      |       |       |       |   384 |   775 |   268 ||  1427
       Skin              |       |       |       |     2 |       |       ||     2
Dodge: Dodged            |    16 |    33 |    48 |   231 |   383 |   253 ||   964
Block: Shield            |    24 |    52 |   138 |       |       |       ||   214
       Other             |       |       |     4 |    53 |    48 |    25 ||   130
       Reflection        |       |       |     1 |     1 |     3 |     3 ||     8
       Rpst.: Falchion   |       |       |       |     1 |       |       ||     1
